 Dungeon Crawl Stone Soup version 0.28.0-1-gb440e238dd (webtiles) character file.

Game seed: 12604353338114441619

23 Snicker the Sneak (level 2, -1/24 HPs)
             Began as a Demonspawn Delver on Feb 21, 2022.
             Slain by a gnoll (5 damage)
             ... on level 4 of the Dungeon.
             The game lasted 00:00:49 (286 turns).

Snicker the Sneak (Demonspawn Delver)                Turns: 286, Time: 00:00:51

Health: -1/24      AC:  3    Str: 12    XL:     2   Next: 75%
Magic:  2/2        EV: 11    Int: 11    God:
Gold:   0          SH:  4    Dex: 14    Spells: 1/1 levels left

rFire   . . .      SeeInvis .   b - +1 long sword (flame)
rCold   . . .      Faith    .   (no shield)
rNeg    . . .      Spirit   .   h - +0 leather armour
rPois   .          Reflect  .   (no helmet)
rElec   .          Harm     .   (no cloak)
rCorr   .          Rampage  .   (no gloves)
Will    .....                   (no boots)
Stlth   +++.......              (no amulet)
HPRegen 0.08/turn               (no ring)
MPRegen 0.08/turn               (no ring)

@: no status effects
A: large bone plates 1
a: no special abilities


You were on level 4 of the Dungeon.
You visited 1 branch of the dungeon, and saw 4 of its levels.

Inventory:

Hand Weapons
 a - a +0 short sword
 b - a +1 long sword of flaming (weapon)
Armour
 h - a +0 leather armour (worn)
Wands
 g - a wand of digging (3)
Scrolls
 c - a scroll of fog
 d - a scroll of magic mapping
Potions
 f - a potion of haste


   Skills:
 + Level 3.1 Fighting
 + Level 1.8(1.9) Short Blades
 + Level 0.4(1.2) Long Blades
 + Level 0.2 Armour
 + Level 1.9 Dodging
 + Level 5.0 Stealth


You had one spell level left.
You didn't know any spells.
Your spell library was empty.

Dungeon Overview and Level Annotations

Branches:
Dungeon (6/15)
 Temple: D:4-7

Altars:


Innate Abilities, Weirdness & Mutations

You are partially covered in large bone plates. (SH +4)


Message History

You slash the hobgoblin! You burn the hobgoblin.
You kill the hobgoblin!
A gnoll comes into view. It is wielding a +0 club.
The gnoll hits you with a +0 flail.
The gnoll shouts!
You completely miss the gnoll. You block the gnoll's attack. x2
You hit the gnoll. You burn the gnoll.
The gnoll is moderately wounded.
The gnoll barely misses you. x2
The gnoll hits you with a +0 flail.
There is a stone staircase leading up here.
The gnoll hits you from afar with a +0 spear.
You climb upwards.
You hear the sound of rushing water.
There is an entrance to a sewer on this level.
Hurry and find it before the portal rusts away!
Found a scroll of fog.
There is a stone staircase leading down here.
You slash the gnoll! You burn the gnoll.
You kill the gnoll!
The jackal barks! x3
Your Stealth skill increases to level 5!
As you read the scroll of fear, it crumbles to dust.
You assume a fearsome visage.
The jackal looks frightened! x4
Things that are here:
a +0 flail; a gnoll corpse A ball python comes into view. 2 adders come into view.
Things that are here:
a +0 flail; a gnoll corpse A frilled lizard comes into view.
There is a stone staircase leading down here.
The jackal closely misses you.
You climb downwards.
The gnoll hits you with a +0 club.
There is a stone staircase leading up here.
You hit the jackal. You burn the jackal.
You kill the jackal!
The gnoll hits you with a +0 club.
* * * LOW HITPOINT WARNING * * *
The gnoll hits you with a +0 club.
You die...

.....####.#####
..........#...#
.......>......###
.....#..........##
............... .####
#.........###.# .#.>#
#......)...##.# ...
..........†#..##.##.#
#.....#.##g@...g....#
......#.#...#..#..?....
...........###.#.......
..........## #.#.......
.#.#.##..# ..##......
#.#. #.## ... #..... .
... .?## .#... .. ..
.#...


You could see 2 gnolls.

Vanquished Creatures
  2 gnolls
  An orc (D:4)
  A hobgoblin (D:4)
  A jackal (D:4)
  A ball python (D:4)
6 creatures vanquished.

Notes
Turn   | Place    | Note
-------+----------+-------------------------------------------
     0 | D:5      | Snicker the Demonspawn Delver began the quest for the Orb.
     0 | D:5      | Reached XP level 1. HP: 18/18 MP: 1/1
    14 | D:6      | Noticed a water moccasin
    14 | D:6      | Noticed a gnoll shaman
    20 | D:5      | Gained mutation: You are partially covered in large bone
                  | plates. (SH +4) [demonic ancestry]
    20 | D:5      | Reached XP level 2. HP: 18/24 MP: 2/2
   269 | D:3      | Reached skill level 5 in Stealth
   286 | D:4      | Slain by a gnoll

Illustrated notes

Levels and vault maps discovered:
D:3:      layout_loops_ring, zin_angel, gup_sewer_entry_glass, uniq_terence,
          uniq_natasha
D:4:      layout_cave_pools, nicolae_hepliaklqana_hippocampus,
          minmay_ruined_shrine
D:5:      minmay_skewed_foursquare, layout_loops_cross, serial_bayou,
          serial_bayou_pond_b, serial_bayou_pond_d, serial_bayou_lake_a,
          serial_bayou_pond_e, hangedman_decor_points, grunt_ministairs_2
D:6:      layout_rooms, fedhas_altar_fruit_tree, lightli_minifort,
          uniq_menkaure, uniq_prince_ribbit1

Skill      XL: |  1  2 |
---------------+-------+-----
Stealth        | 5 |  5.0
Fighting       | |  3.1
Short Blades   | |  1.8
Long Blades    | |  0.4
Armour         | |  0.2
Dodging        | |  1.9

Action                   || total
-------------------------++-------
Melee: Long sword        ||     9
       Short sword       ||     8
  Use: Scroll            ||     1
Dodge: Dodged            ||    13
Block: Other             ||     3
